TOP OF THE 1ST |
Iowa Hawkeyes batting - Pitching for Utah Utes : RHP Wes Meeks
|
Pitching: RHP Wes Meeks
|
|
Batting: RHB Rick Suárez
|
0-0: Ball 1-0: Foul Ball, location: 2F 1-1: Ball 2-1: Swinging Strike 2-2: Ball 3-2: Ground out 5-3 (Groundball, 56)
|
Batting: RHB Jim Sharry
|
0-0: Called Strike 0-1: Swinging Strike 0-2: Hit by Pitch
|
Batting: RHB Kelsey Scott
|
0-0: Ball 1-0: Ball 2-0: Foul Ball, location: 2F 2-1: Foul Ball, location: 2F 2-2: Foul Ball, location: 2F 2-2: Ball 3-2: 2-RUN HOME RUN (Flyball, 8RXD), Distance : 453 ft
|
Batting: RHB Juan Escalante
|
0-0: Ball 1-0: Called Strike 1-1: Ball 2-1: Ball 3-1: Called Strike 3-2: Foul Ball, location: 2F 3-2: Base on Balls
|
Batting: RHB Jim Jones
|
0-0: Ball Wild Pitch! Juan Escalante to second 1-0: Foul Ball, location: 2F 1-1: Ball 2-1: DOUBLE (Flyball, 8RM) Juan Escalante scores
|
Batting: RHB Ed Nygaard
|
0-0: Foul Ball, location: 2F 0-1: Ball 1-1: Called Strike 1-2: Foul Ball, location: 2F 1-2: Foul Ball, location: 2F 1-2: SINGLE (Flyball, 8RM) Jim Jones to third Runner from 3rd tries for Home, SAFE, throw made home Ed Nygaard to second
|
Batting: RHB Stephen Spence
|
0-0: Called Strike 0-1: Swinging Strike 0-2: Ground out 5-3 (Groundball, 56)
|
Batting: RHB Mike Russell
|
0-0: Fly out, F5 (Line Drive, 5S)
|
Top of the 1st over - 4 run(s), 3 hit(s), 0 error(s), 1 left on base; Iowa 4 - Utah 0 |
BOTTOM OF THE 1ST |
Utah Utes batting - Pitching for Iowa Hawkeyes : RHP Eduardo Morales
|
Pitching: RHP Eduardo Morales
|
|
Batting: RHB Larry Storms
|
0-0: Called Strike 0-1: Ball 1-1: Swinging Strike 1-2: Ball 2-2: Foul Ball, location: 2F 2-2: Strikes out swinging
|
Batting: SHB Jeff Hernández
|
0-0: Ball 1-0: Foul Ball, location: 2F 1-1: Ball 2-1: Ball 3-1: Called Strike 3-2: SINGLE (Flyball, 8LS)
|
Batting: SHB Ramón Velázquez
|
0-0: Ball 1-0: Ball 2-0: Foul Ball, location: 2F 2-1: Fly out, F8 (Flyball, 8RD)
|
Batting: SHB John May
|
0-0: Called Strike 0-1: Foul Ball, location: 2F 0-2: Ball 1-2: Strikes out looking
|
Bottom of the 1st over - 0 run(s), 1 hit(s), 0 error(s), 1 left on base; Iowa 4 - Utah 0 |
TOP OF THE 2ND |
Iowa Hawkeyes batting - Pitching for Utah Utes : RHP Wes Meeks
|
Batting: RHB Miguel López
|
0-0: Called Strike 0-1: Ball 1-1: Called Strike 1-2: Ball 2-2: Strikes out swinging
|
Batting: RHB Rick Suárez
|
0-0: Called Strike 0-1: Foul Ball, location: 2F 0-2: Ball 1-2: Ball 2-2: Fly out, F7 (Flyball, 7LMF)
|
Batting: RHB Jim Sharry
|
0-0: Ball 1-0: Foul Ball, location: 2F 1-1: Fly out, F6 (Line Drive, 6)
|
Top of the 2nd over - 0 run(s), 0 hit(s), 0 error(s), 0 left on base; Iowa 4 - Utah 0 |
BOTTOM OF THE 2ND |
Utah Utes batting - Pitching for Iowa Hawkeyes : RHP Eduardo Morales
|
Batting: RHB Randy Banks
|
0-0: Ground out 6-3 (Groundball, 6)
|
Batting: LHB Robby Bland
|
0-0: Fly out, F8 (Flyball, 8LS)
|
Batting: RHB Rafael Cardenas
|
0-0: Foul Ball, location: 2F 0-1: Foul Ball, location: 2F 0-2: Ball 1-2: Fly out, F4 (Popup, 4)
|
Bottom of the 2nd over - 0 run(s), 0 hit(s), 0 error(s), 0 left on base; Iowa 4 - Utah 0 |
TOP OF THE 3RD |
Iowa Hawkeyes batting - Pitching for Utah Utes : RHP Wes Meeks
|
Batting: RHB Kelsey Scott
|
0-0: Swinging Strike 0-1: Ball 1-1: Foul Ball, location: 2F 1-2: Ball 2-2: Ball 3-2: SINGLE (Line Drive, 89S)
|
Batting: RHB Juan Escalante
|
0-0: Foul Ball, location: 2F 0-1: Ball 1-1: Ball 2-1: Fly out, F8 (Flyball, 8LM)
|
Batting: RHB Jim Jones
|
0-0: Foul Ball, location: 2F 0-1: SINGLE (Line Drive, 5L) Kelsey Scott to second
|
Batting: RHB Ed Nygaard
|
0-0: Fly out, F4 (Line Drive, 4) Lined into DP, 4-6 (Line Drive, 4)
|
Top of the 3rd over - 0 run(s), 2 hit(s), 0 error(s), 1 left on base; Iowa 4 - Utah 0 |
BOTTOM OF THE 3RD |
Utah Utes batting - Pitching for Iowa Hawkeyes : RHP Eduardo Morales
|
Batting: SHB Pablo Miranda
|
0-0: Called Strike 0-1: SINGLE (Flyball, 89S)
|
Batting: SHB Jeff Mann
|
0-0: Swinging Strike 0-1: Ball 1-1: Swinging Strike 1-2: Ball 2-2: Foul Ball, location: 2F 2-2: Ball 3-2: Foul Ball, location: 2F 3-2: Base on Balls Pablo Miranda to second
|
Batting: RHB Larry Storms
|
0-0: Foul Ball, location: 2F 0-1: Ball 1-1: Called Strike 1-2: SINGLE (Flyball, 8RS) Pablo Miranda to third Jeff Mann to second
|
Batting: SHB Jeff Hernández
|
0-0: Called Strike 0-1: SINGLE (Flyball, 7LS) Pablo Miranda scores Jeff Mann to third Larry Storms to second
|
Batting: SHB Ramón Velázquez
|
0-0: Called Strike 0-1: Ball 1-1: Fielders Choice at 2nd, 3-6 (Groundball, 34) Jeff Mann scores Larry Storms to third
|
Batting: SHB John May
|
0-0: Ball 1-0: Ball 2-0: SINGLE (Groundball, 5S) (infield hit) Larry Storms scores Ramón Velázquez to second
|
Batting: RHB Randy Banks
|
0-0: Called Strike 0-1: Ball 1-1: Called Strike 1-2: Foul Ball, location: 2F 1-2: Ball 2-2: Foul Ball, location: 2F 2-2: Foul Ball, location: 2F 2-2: SINGLE (Line Drive, 9S) Ramón Velázquez to third John May to second Runner from 3rd tries for Home, SAFE, throw made home
|
Batting: LHB Robby Bland
|
0-0: Ball 1-0: Ball 2-0: Ball 3-0: Swinging Strike 3-1: Grounds into double play, 4-6-3 (Groundball, 4)
|
Bottom of the 3rd over - 4 run(s), 5 hit(s), 0 error(s), 1 left on base; Iowa 4 - Utah 4 |
TOP OF THE 4TH |
Iowa Hawkeyes batting - Pitching for Utah Utes : RHP Wes Meeks
|
Batting: RHB Stephen Spence
|
0-0: Ball 1-0: Called Strike 1-1: Called Strike 1-2: Ground out 4-3 (Groundball, 4)
|
Batting: RHB Mike Russell
|
0-0: Ball 1-0: Ball 2-0: Ball 3-0: Base on Balls
|
Batting: RHB Miguel López
|
0-0: Called Strike 0-1: Ball 1-1: Ball 2-1: Foul Ball, location: 2F 2-2: Strikes out swinging
|
Batting: RHB Rick Suárez
|
0-0: Ball 1-0: SINGLE (Line Drive, 56D) Mike Russell to second
|
Batting: RHB Jim Sharry
|
0-0: Fielders Choice at 2nd, 4-6 (Groundball, 4)
|
Top of the 4th over - 0 run(s), 1 hit(s), 0 error(s), 1 left on base; Iowa 4 - Utah 4 |
BOTTOM OF THE 4TH |
Utah Utes batting - Pitching for Iowa Hawkeyes : RHP Eduardo Morales
|
Batting: RHB Rafael Cardenas
|
0-0: Called Strike 0-1: Fly out, F9 (Flyball, 89D)
|
Batting: SHB Pablo Miranda
|
0-0: Reached on error, E3 (Groundball, 34)
|
Batting: SHB Jeff Mann
|
0-0: Called Strike 0-1: Ball 1-1: Grounds into double play, 4-6-3 (Groundball, 4)
|
Bottom of the 4th over - 0 run(s), 0 hit(s), 1 error(s), 0 left on base; Iowa 4 - Utah 4 |
TOP OF THE 5TH |
Iowa Hawkeyes batting - Pitching for Utah Utes : RHP Wes Meeks
|
Batting: RHB Kelsey Scott
|
0-0: Ball 1-0: Foul Ball, location: 2F 1-1: Ball 2-1: Foul Ball, location: 2F 2-2: Foul Ball, location: 2F 2-2: Ball 3-2: SINGLE (Groundball, 4MD)
|
Pitching: RHP Bob Spalton
|
|
Batting: RHB Juan Escalante
|
0-0: Called Strike 0-1: Fly out, F9 (Flyball, 9D)
|
Batting: RHB Jim Jones
|
0-0: Ball 1-0: Called Strike 1-1: Ball 2-1: Fly out, F9 (Flyball, 89M)
|
Batting: RHB Ed Nygaard
|
0-0: Ball 1-0: Ball 2-0: Ball 3-0: Called Strike 3-1: Base on Balls Kelsey Scott to second
|
Batting: RHB Stephen Spence
|
0-0: Called Strike 0-1: Ball 1-1: Ball 2-1: Swinging Strike 2-2: Strikes out swinging
|
Top of the 5th over - 0 run(s), 1 hit(s), 0 error(s), 2 left on base; Iowa 4 - Utah 4 |
BOTTOM OF THE 5TH |
Utah Utes batting - Pitching for Iowa Hawkeyes : RHP Eduardo Morales
|
Batting: RHB Larry Storms
|
0-0: Foul Ball, location: 2F 0-1: Swinging Strike 0-2: Ball 1-2: Ball 2-2: Ball 3-2: Base on Balls
|
Pitching: RHP Pedro Castillo
|
|
Batting: SHB Jeff Hernández
|
0-0: Ball 1-0: Called Strike 1-1: Ball 2-1: Swinging Strike 2-2: Foul Ball, location: 2F 2-2: Strikes out swinging
|
Batting: SHB Ramón Velázquez
|
0-0: Ball 1-0: Called Strike 1-1: Ball 2-1: Ball Larry Storms steals 2nd base 3-1: Intentional Walk
|
Batting: SHB John May
|
0-0: Ball 1-0: Foul Ball, location: 2F 1-1: Fly out, F9 (Flyball, 89M)
|
Batting: RHB Randy Banks
|
0-0: Ball 1-0: Called Strike 1-1: Fly out, F6 (Popup, 6D)
|
Bottom of the 5th over - 0 run(s), 0 hit(s), 0 error(s), 2 left on base; Iowa 4 - Utah 4 |
TOP OF THE 6TH |
Iowa Hawkeyes batting - Pitching for Utah Utes : RHP Bob Spalton
|
Batting: RHB Mike Russell
|
0-0: Foul Ball, location: 2F 0-1: Ball 1-1: Ball 2-1: Foul Ball, location: 2F 2-2: Foul Ball, location: 2F 2-2: Foul Ball, location: 2F 2-2: Foul Ball, location: 2F 2-2: Strikes out swinging
|
Batting: RHB Miguel López
|
0-0: Swinging Strike 0-1: SINGLE (Line Drive, 6MD)
|
Batting: RHB Rick Suárez
|
0-0: Ball 1-0: Ball 2-0: Called Strike 2-1: Fly out, F7 (Flyball, 7S)
|
Batting: RHB Jim Sharry
|
0-0: Ball 1-0: Swinging Strike 1-1: Called Strike 1-2: Ball 2-2: Ball 3-2: Strikes out swinging
|
Top of the 6th over - 0 run(s), 1 hit(s), 0 error(s), 1 left on base; Iowa 4 - Utah 4 |
BOTTOM OF THE 6TH |
Utah Utes batting - Pitching for Iowa Hawkeyes : RHP Pedro Castillo
|
Batting: LHB Robby Bland
|
0-0: Ball 1-0: Called Strike 1-1: Ball 2-1: Ball 3-1: Called Strike 3-2: Ground out 4-3 (Groundball, 4)
|
Batting: RHB Rafael Cardenas
|
0-0: Swinging Strike 0-1: Swinging Strike 0-2: Strikes out swinging
|
Batting: SHB Pablo Miranda
|
0-0: Ball 1-0: Ball 2-0: Foul Ball, location: 2F 2-1: Swinging Strike 2-2: Ball 3-2: Strikes out looking
|
Bottom of the 6th over - 0 run(s), 0 hit(s), 0 error(s), 0 left on base; Iowa 4 - Utah 4 |
TOP OF THE 7TH |
Iowa Hawkeyes batting - Pitching for Utah Utes : RHP Bob Spalton
|
Batting: RHB Kelsey Scott
|
0-0: Ball 1-0: Foul Ball, location: 2F 1-1: Called Strike 1-2: Strikes out swinging
|
Batting: RHB Juan Escalante
|
0-0: Ball 1-0: SINGLE (Groundball, 6) (infield hit)
|
Batting: RHB Jim Jones
|
0-0: Foul Ball, location: 2F 0-1: Fielders Choice at 2nd, 6-4 (Groundball, 6)
|
Pitching: LHP Craig Melton
|
|
Batting: RHB Ed Nygaard
|
0-0: Swinging Strike 0-1: Ball 1-1: Ball 2-1: DOUBLE (Flyball, 7) Jim Jones to third Runner from 3rd tries for Home, SAFE, no throw
|
Batting: RHB Stephen Spence
|
0-0: Ball 1-0: Ball 2-0: Called Strike 2-1: Ball 3-1: Base on Balls
|
Batting: RHB Mike Russell
|
0-0: DOUBLE (Line Drive, 89M) Ed Nygaard scores Stephen Spence to third
|
Batting: RHB Miguel López
|
0-0: Ball 1-0: Ground out 5-3 (Groundball, 56S)
|
Top of the 7th over - 2 run(s), 3 hit(s), 0 error(s), 2 left on base; Iowa 6 - Utah 4 |
BOTTOM OF THE 7TH |
Utah Utes batting - Pitching for Iowa Hawkeyes : RHP Pedro Castillo
|
Pitching: RHP Marlon Rivers
|
|
Now in CF: Cory Thompson
|
|
Batting: SHB Jeff Mann
|
0-0: Ball 1-0: Swinging Strike 1-1: Called Strike 1-2: Strikes out swinging
|
Batting: RHB Larry Storms
|
0-0: Ground out 5-3 (Groundball, 5D)
|
Batting: SHB Jeff Hernández
|
0-0: SOLO HOME RUN (Flyball, 7D), Distance : 390 ft
|
Batting: SHB Ramón Velázquez
|
0-0: Ball 1-0: Ball 2-0: Ball 3-0: Base on Balls
|
Batting: SHB John May
|
0-0: Called Strike 0-1: Ball 1-1: Swinging Strike 1-2: Ball 2-2: SINGLE (Groundball, 4MS) (infield hit) Ramón Velázquez to second
|
Batting: RHB Randy Banks
|
0-0: Called Strike 0-1: Ball 1-1: Ball 2-1: Swinging Strike 2-2: Ball 3-2: Base on Balls Ramón Velázquez to third John May to second
|
Pitching: LHP Leonardo Canó
|
|
Batting: LHB Robby Bland
|
0-0: SINGLE (Groundball, 34D) Ramón Velázquez scores John May to third Randy Banks to second Runner from 3rd tries for Home, SAFE, no throw
|
Pitching: LHP Peter Connolly
|
|
Batting: RHB Rafael Cardenas
|
0-0: SINGLE (Flyball, 9LS) Randy Banks to third Robby Bland to second Runner from 3rd tries for Home, SAFE, no throw
|
Batting: SHB Pablo Miranda
|
0-0: Called Strike 0-1: Ground out 4-3 (Groundball, 34)
|
Bottom of the 7th over - 4 run(s), 4 hit(s), 0 error(s), 2 left on base; Iowa 6 - Utah 8 |
TOP OF THE 8TH |
Iowa Hawkeyes batting - Pitching for Utah Utes : LHP Craig Melton
|
Batting: RHB Rick Suárez
|
0-0: Called Strike 0-1: Ball 1-1: Ball 2-1: SINGLE (Line Drive, 89M)
|
Pitching: RHP Chris Phillips
|
|
Batting: RHB Jim Sharry
|
0-0: Ball 1-0: Fly out, F9 (Flyball, 9S)
|
Batting: RHB Kelsey Scott
|
0-0: Foul Ball, location: 2F 0-1: Fly out, F8 (Line Drive, 78D)
|
Batting: RHB Cory Thompson
|
0-0: Foul Ball, location: 2F 0-1: Fly out, F8 (Line Drive, 8LS)
|
Top of the 8th over - 0 run(s), 1 hit(s), 0 error(s), 1 left on base; Iowa 6 - Utah 8 |
BOTTOM OF THE 8TH |
Utah Utes batting - Pitching for Iowa Hawkeyes : LHP Peter Connolly
|
Batting: SHB Jeff Mann
|
0-0: Ball 1-0: Ball 2-0: Called Strike 2-1: Foul Ball, location: 2F 2-2: Ball 3-2: SOLO HOME RUN (Flyball, 89XD), Distance : 424 ft
|
Batting: RHB Larry Storms
|
0-0: Ball 1-0: Fly out, F8 (Flyball, 8LM)
|
Batting: SHB Jeff Hernández
|
0-0: Fly out, F8 (Flyball, 8RM)
|
Batting: SHB Ramón Velázquez
|
0-0: Called Strike 0-1: Ball 1-1: Ball 2-1: Called Strike 2-2: Strikes out swinging
|
Bottom of the 8th over - 1 run(s), 1 hit(s), 0 error(s), 0 left on base; Iowa 6 - Utah 9 |
TOP OF THE 9TH |
Iowa Hawkeyes batting - Pitching for Utah Utes : RHP Chris Phillips
|
Pitching: RHP Bruno Poulin
|
|
Batting: RHB Jim Jones
|
0-0: Ball 1-0: Fly out, F9 (Line Drive, 9)
|
Batting: RHB Ed Nygaard
|
0-0: Ball 1-0: Ball 2-0: Foul Ball, location: 2F 2-1: Fly out, F8 (Flyball, 8LM)
|
Batting: RHB Stephen Spence
|
0-0: Called Strike 0-1: Ball 1-1: Ball 2-1: Ground out 6-3 (Groundball, 6)
|
Top of the 9th over - 0 run(s), 0 hit(s), 0 error(s), 0 left on base; Iowa 6 - Utah 9 |
|